 Dungeon Crawl Stone Soup version 0.23-a0-14-g8c9a20f (webtiles) character file.

90 galech the Covered (level 4, -5/41 HPs)
             Began as a Minotaur Fighter on Aug 2, 2018.
             Slain by an orc
             ... wielding a +1 short sword of electrocution
              (20 damage)
             ... on level 3 of the Dungeon.
             The game lasted 00:02:53 (1961 turns).

galech the Covered (Minotaur Fighter)               Turns: 1961, Time: 00:02:53

Health: -5/41      AC:  7    Str: 20    XL:     4   Next: 32%
Magic:  3/3        EV:  7    Int:  5    God:
Gold:   40         SH:  9    Dex: 11    Spells: 3/3 levels left

rFire    . . .     SeeInvis .   a - +0 war axe
rCold    . . .     Gourm    .   c - +0 shield
rNeg     . . .     Faith    .   b - +0 scale mail
rPois    .         Spirit   .   (helmet restricted)
rElec    .         Reflect  .   (no cloak)
rCorr    .         Harm     .   (no gloves)
MR       .....                  (no boots)
Stlth    ..........             (no amulet)
HPRegen  0.13/turn              (no ring)
MPRegen  0.08/turn              (no ring)

@: no status effects
A: retaliatory headbutt, horns 2
a: no special abilities


You were on level 3 of the Dungeon.
You were hungry.

You visited 1 branch of the dungeon, and saw 3 of its levels.

You collected 40 gold pieces.

Inventory:

Hand Weapons
 a - a +0 war axe (weapon)
Armour
 b - a +0 scale mail (worn)
 c - a +0 shield (worn)
Scrolls
 e - 3 scrolls of remove curse {unknown}
 g - a scroll of enchant armour {unknown}
 h - a scroll of blinking {unknown}
 i - 3 scrolls of identify {unknown}
 l - a scroll of immolation {unknown}
Potions
 d - 2 potions of might
Comestibles
 f - 5 rations


   Skills:
 + Level 4.3 Fighting
 + Level 3.6 Axes
 + Level 4.4 Armour
 + Level 0.5 Stealth
 + Level 4.1 Shields


You had 3 spell levels left.
You didn't know any spells.
Your spell library was empty.

Dungeon Overview and Level Annotations

Branches:
Dungeon (3/15)

Altars:

Annotations:
D:3 Terence


Innate Abilities, Weirdness & Mutations

You reflexively headbutt those who attack you in melee.
You have a pair of horns on your head.


Message History

The hobgoblin hits you with a club. You block the hobgoblin's attack.
The orc hits you but does no damage.
You are electrocuted!
You are too injured to fight recklessly!
You are too injured to fight recklessly!
You are too injured to fight recklessly!
You are too injured to fight recklessly!
You are too injured to fight recklessly!
You are too injured to fight recklessly!
You are too injured to fight recklessly!
You are too injured to fight recklessly!
You are too injured to fight recklessly!
You are too injured to fight recklessly!
You are too injured to fight recklessly!
You are too injured to fight recklessly!
You are too injured to fight recklessly!
You are too injured to fight recklessly!
You are too injured to fight recklessly!
You are too injured to fight recklessly!
The orc hits you but does no damage.
You are electrocuted!
You die...

######### #.......#
##.......######
####.............####
............####....##
#####..###..# ####...
#####.## ##.# ###.
..#...@.# .# ##
#.....og# .#
##<...oo..# .#
#........# ..
#........$.
#....@...###
(...<.....#
..........#
#...#.....#


You could see Terence, 3 orcs and a hobgoblin.

Vanquished Creatures
  3 adders (D:2)
  4 worms (D:2)
  3 dart slugs
  2 leopard geckos (D:2)
  A giant cockroach (D:2)
  4 goblins
  4 hobgoblins
  4 jackals (D:1)
  5 kobolds
  A quokka (D:2)
  2 ball pythons
  4 bats
  2 frilled lizards
  9 rats
48 creatures vanquished.

Notes
Turn   | Place    | Note
-------+----------+-------------------------------------------
     0 | D:1      | galech the Minotaur Fighter began the quest for the Orb.
     0 | D:1      | Reached XP level 1. HP: 19/19 MP: 0/0
    85 | D:1      | Reached XP level 2. HP: 14/27 MP: 1/1
   875 | D:2      | Reached XP level 3. HP: 33/33 MP: 2/2
  1271 | D:2      | Reached XP level 4. HP: 37/41 MP: 3/3
  1959 | D:3      | Noticed Terence
  1961 | D:3      | Slain by an orc

Vault maps used:
D:1:      tarquinn_simple_flora_water_f, st_stairs_8
D:2:      kennysheep_generic_room_5
D:3:      uniq_terence, uniq_natasha

Skill      XL: |  1  2  3 |
---------------+----------+-----
Armour         | 4 |  4.4
Fighting       | 4 |  4.3
Axes           | 3 |  3.6
Shields        | 4 |  4.1
Stealth        | |  0.5

Action                   |  1- 3 |  4- 6 || total
-------------------------+-------+-------++-------
Melee: War axe           |   111 |    33 ||   144
       Headbutt          |    13 |     3 ||    16
  Use: Potion            |       |     2 ||     2
  Eat: Chunk             |     1 |     2 ||     3
Armor: Scale mail        |    47 |    15 ||    62
       Skin              |       |     8 ||     8
Dodge: Dodged            |    40 |    11 ||    51
Block: Shield            |    62 |    29 ||    91

Table legend:
 A = Spawn XP
 B = Non-spawn XP
 C = Spawn XP percentage of total XP
 D = Spawn monster count
 E = Non-spawn monster count
 F = Spawn count percentage of total count
 G = Total turns spent on level
                    A         B        C        D         E        F      G
               +---------+---------+-------+---------+---------+-------+---------
         Total |       0 |     129 |   0.0 |       0 |      48 |   0.0 |  1961
               +---------+---------+-------+---------+---------+-------+---------
           D:1 |       0 |      37 |   0.0 |       0 |      21 |   0.0 |   842
           D:2 |       0 |      88 |   0.0 |       0 |      23 |   0.0 |  1060
           D:3 |       0 |       4 |   0.0 |       0 |       4 |   0.0 |    59
               +---------+---------+-------+---------+---------+-------+---------
